 Dungeon Crawl Stone Soup version 0.22-a0-280-g69bf1f3 (webtiles) character file.

7980 galech the Grappler (level 11, 0/111 HPs)
             Began as a Troll Monk on Mar 16, 2018.
             Was a High Priest of Okawaru.
             Slain by a two-headed ogre
             ... wielding a +0 giant club
              (14 damage)
             ... on level 10 of the Dungeon.
             The game lasted 00:17:09 (8982 turns).

galech the Grappler (Troll Monk)                    Turns: 8982, Time: 00:17:10

Health: 0/111      AC:  6    Str: 24    XL:     11   Next: 3%
Magic:  11/13      EV: 18    Int: 10    God:    Okawaru [*****.]
Gold:   346        SH:  0    Dex: 14    Spells: 10/10 levels left

rFire    + + +     SeeInvis .   F - +7 hand axe of Attainder {chop, +Rage rF++ rC+ Dex+2}
rCold    + . .     Gourm    +   (no shield)
rNeg     + . .     Faith    .   a - +0 robe
rPois    +         Spirit   .   L - +1 hat of Failure {rF+ rN+ Int+4}
rElec    .         Reflect  .   (no cloak)
rCorr    .         Harm     .   (gloves unavailable)
MR       +....                  (boots unavailable)
Stlth    +++.......             B - amulet of the acrobat
HPRegen  0.68/turn              w - ring of protection from magic
MPRegen  0.13/turn              o - ring of poison resistance

@: heroism
A: large, unfitting armour, claws 3, fast metabolism 3, gourmand, regeneration
1, shaggy fur 1, tough skin 2
a: Heroism, Finesse, Renounce Religion, Evoke Berserk Rage


You were on level 10 of the Dungeon.
You worshipped Okawaru.
Okawaru was extremely pleased with you.
You were completely stuffed.

You visited 2 branches of the dungeon, and saw 11 of its levels.
You also visited: Sewer.

You collected 640 gold pieces.
You spent 294 gold pieces at shops.

Inventory:

Hand Weapons
 F - the +7 hand axe of Attainder (weapon) {chop, +Rage rF++ rC+ Dex+2}
   (You found it on level 9 of the Dungeon)

   It inflicts extra damage upon your enemies.
   It affects your dexterity (+2).
   It greatly protects you from fire.
   It protects you from cold.
   It lets you go berserk.
 J - a +6 giant spiked club
Armour
 a - a +0 robe (worn)
 L - the +1 hat of Failure (worn) {rF+ rN+ Int+4}
   (Okawaru gifted it to you on level 9 of the Dungeon)

   It affects your intelligence (+4).
   It protects you from fire.
   It protects you from negative energy.
Jewellery
 c - an uncursed ring of positive energy
 j - an uncursed ring of positive energy
 o - a ring of poison resistance (right claw)
 q - an uncursed ring of see invisible
 w - a ring of protection from magic (left claw)
 B - an amulet of the acrobat (around neck)
 H - an uncursed ring of resist corrosion
Wands
 s - a wand of acid (8)
 u - a wand of disintegration (21)
 K - a wand of flame (14)
 M - a wand of enslavement (12)
Scrolls
 d - 12 scrolls of identify {unknown}
 e - 3 scrolls of remove curse
 i - 5 scrolls of teleportation
 l - 4 scrolls of enchant armour
 m - 3 scrolls of immolation {unknown}
 n - 2 scrolls of amnesia {unknown}
 t - a scroll of enchant weapon {unknown}
 v - a scroll of fear {unknown}
 y - a scroll of random uselessness {unknown}
 A - a scroll of magic mapping {unknown}
 D - a scroll of holy word {unknown}
Potions
 f - a potion of cancellation {unknown}
 g - 3 potions of degeneration {unknown}
 h - a potion of flight {unknown}
 k - 5 potions of agility {unknown}
 p - 4 potions of might {unknown}
 r - 6 potions of heal wounds {unknown}
 x - 7 potions of curing {unknown}
 z - a potion of brilliance {unknown}
 C - 2 potions of magic {unknown}
 E - a potion of ambrosia {unknown}
 G - a potion of invisibility {unknown}
Comestibles
 b - 23 rations


   Skills:
 + Level 8.3(13.3) Fighting
 - Level 2.5(8.0) Axes
 + Level 2.6(8.2) Maces & Flails
 + Level 8.3(13.3) Dodging
 - Level 1.2(6.2) Stealth
 - Level 9.1(14.1) Unarmed Combat
 - Level 4.1 Invocations


You had 10 spell levels left.
You didn't know any spells.

Dungeon Overview and Level Annotations

Branches:
Dungeon (10/15)            Temple (1/1) D:4            Lair (0/6) D:10
    Orc: D:9-12

Altars:
Ashenzari
Elyvilon
Hepliaklqana
Makhleb
Nemelex Xobeh
Okawaru
Sif Muna
Trog
Uskayaw
Vehumet
Xom
Yredelemnul
Zin
The Shining One

Shops:
D:6 ?


Innate Abilities, Weirdness & Mutations

You are too large for most types of armour.
You have claws for hands.
Your metabolism is lightning-fast.
You like to eat raw meat.
Your natural rate of healing is unusually fast.
You are covered in fur. (AC +1)
You have very tough skin. (AC +2)


Message History

You slash the iguana!
The iguana is severely wounded.
You barely miss the two-headed ogre. The two-headed ogre barely misses you.
The two-headed ogre hits you with a giant club!
* * * LOW HITPOINT WARNING * * *
The iguana completely misses you.
Unknown command.
You slash the two-headed ogre!
The two-headed ogre is almost dead.
You hit the iguana but do no damage.
The two-headed ogre hits you with a giant club!!
* * * LOW HITPOINT WARNING * * *
The two-headed ogre completely misses you.
The iguana misses you.
You barely miss the two-headed ogre. Your claw misses the two-headed ogre.
The two-headed ogre is almost dead.
You barely miss the iguana. The iguana bites you.
* * * LOW HITPOINT WARNING * * *
The two-headed ogre hits you with a giant club!
You die...

### ### #### #...
#... .... +.... #...
..... #.... ...
..... #.... ##'#
....# #....#
###..##....## #.....
#.....O...... #.....
#....@l...... #.....
#########...##..####
#.....
#.......#...## .#
##.... #....
#......# .. #....
#.....#......# ..
#.... #.....#......#
.. #....
#.....#......# .
#...) #............#
#.... #.......######
#######....


You could see a two-headed ogre and an iguana.

Vanquished Creatures
  Erolcha (D:10)
  4 two-headed ogres
  Prince Ribbit (D:7)
  A hippogriff (D:10)
  3 yaks (D:9)
  A steam dragon (D:7)
  A hungry ghost (D:6)
  A phantom (D:6)
  An orc warrior (D:10)
  2 black bears
  2 sky beasts
  3 ogres
  A centaur (D:5)
  10 big kobolds
  5 bullfrogs (D:10)
  A gnoll sergeant (D:5)
  A scorpion (D:5)
  A water moccasin skeleton (D:8)
  7 killer bees
  2 howler monkeys
  3 crimson imps
  A bullfrog zombie (D:8)
  6 hounds
  2 jellies
  3 orc priests
  2 bullfrog skeletons (D:5)
  An iguana (D:10)
  5 orc wizards
  3 worker ants
  7 gnolls
  10 river rats (Sewer)
  11 adders
  A shadow imp (D:10)
  An ooze (D:2)
  An adder zombie (D:7)
  2 adder skeletons (D:10)
  A worm (D:6)
  2 leopard geckos
  38 orcs
  4 bats
  5 giant cockroaches
  5 goblins
  6 hobgoblins
  11 jackals
  3 quokkas
  8 ball pythons
  8 frilled lizards
  69 kobolds
  23 rats
291 creatures vanquished.

Notes
Turn   | Place    | Note
-------+----------+-------------------------------------------
     0 | D:1      | galech the Troll Monk began the quest for the Orb.
     0 | D:1      | Reached XP level 1. HP: 22/22 MP: 0/0
   285 | D:1      | Reached XP level 2. HP: 26/29 MP: 1/1
   827 | D:2      | Reached XP level 3. HP: 34/36 MP: 2/2
  1009 | D:2      | Reached skill level 4 in Unarmed Combat
  1182 | D:2      | Reached XP level 4. HP: 35/44 MP: 3/3
  1706 | D:3      | Noticed a big kobold
  1711 | D:3      | Killed a big kobold
  1711 | D:3      | Reached XP level 5. HP: 33/53 MP: 4/4
  1787 | D:3      | Reached XP level 6. HP: 45/61 MP: 5/5
  1796 | D:3      | Reached skill level 5 in Unarmed Combat
  1864 | D:3      | Reached XP level 7. HP: 37/70 MP: 6/6
  2613 | D:4      | Found a staircase to the Ecumenical Temple.
  2662 | Temple   | Entered the Ecumenical Temple
  2791 | Temple   | Became a worshipper of Warmaster Okawaru
  2791 | Temple   | Reached * piety under Okawaru
  2791 | Temple   | Reached ** piety under Okawaru
  2879 | D:4      | Reached skill level 6 in Unarmed Combat
  3418 | D:5      | Entered Level 5 of the Dungeon
  3457 | D:5      | Noticed a two-headed ogre
  3465 | D:5      | Killed a two-headed ogre
  3465 | D:5      | Reached *** piety under Okawaru
  3465 | D:5      | Reached skill level 5 in Fighting
  3465 | D:5      | Reached skill level 5 in Dodging
  3465 | D:5      | Reached skill level 7 in Unarmed Combat
  3465 | D:5      | Reached XP level 8. HP: 43/81 MP: 4/7
  4030 | D:6      | Found Abiserch's Magic Scroll Shoppe.
  4038 | D:6      | Bought a scroll of teleportation for 42 gold pieces
  4038 | D:6      | Bought a scroll of teleportation for 42 gold pieces
  4038 | D:6      | Bought a scroll of enchant armour for 105 gold pieces
  4038 | D:6      | Bought a scroll of enchant armour for 105 gold pieces
  4066 | D:6      | Found a glowing drain.
  4105 | Sewer    | Entered a sewer
  4248 | Sewer    | Reached **** piety under Okawaru
  4740 | D:5      | Reached XP level 9. HP: 79/89 MP: 8/8
  5176 | D:6      | Reached skill level 8 in Unarmed Combat
  5974 | D:7      | Noticed Prince Ribbit
  6081 | D:7      | Killed Prince Ribbit
  6192 | D:7      | Found a white marble altar of Elyvilon.
  6432 | D:8      | Reached skill level 9 in Unarmed Combat
  6459 | D:8      | Reached ***** piety under Okawaru
  7049 | D:9      | Got a scorched hand axe
  7050 | D:9      | Identified the +7 hand axe of Attainder {chop, +Rage rF++ rC+ Dex+2} (You found it on level 9 of the Dungeon)
  7617 | D:10     | Entered Level 10 of the Dungeon
  7648 | D:10     | Reached XP level 10. HP: 99/102 MP: 9/9
  7733 | D:10     | Found an iron altar of Okawaru.
  7735 | D:10     | Noticed a two-headed ogre
  7740 | D:10     | Reached skill level 1 in Invocations
  7750 | D:10     | Killed a two-headed ogre
  7750 | D:10     | Received a gift from Okawaru
  7750 | D:10     | Reached skill level 1 in Axes
  7938 | D:10     | Noticed Erolcha
  7947 | D:10     | Killed Erolcha
  8033 | D:10     | Found a staircase to the Lair.
  8266 | D:10     | Noticed a two-headed ogre
  8279 | D:10     | Killed a two-headed ogre
  8279 | D:10     | Reached skill level 1 in Maces & Flails
  8584 | D:9      | Received a gift from Okawaru
  8587 | D:9      | Got a steaming hat {god gift}
  8594 | D:9      | Identified the +1 hat of Failure {rF+ rN+ Int+4} (Okawaru gifted it to you on level 9 of the Dungeon)
  8741 | D:10     | Noticed a two-headed ogre
  8751 | D:10     | Killed a two-headed ogre
  8751 | D:10     | Reached XP level 11. HP: 34/111 MP: 11/13
  8974 | D:10     | Noticed a two-headed ogre
  8982 | D:10     | Slain by a two-headed ogre

Vault maps used:
D:1:      sevenhm_arrival_forest_fort_small_5, corexii_leaking_fountain
D:2:      wad_lake_hut, first_ration
D:3:      minmay_goblin_kobold_castle
D:4:      minmay_temple_entry_overgrown, st_stairs_1, hangedman_decor_opposing,
          dk_rats_in_the_wall
D:5:      lemuel_old_faithful
D:6:      serial_shops, nicolae_shop_stone, portal_sewer_entry_a
D:7:      kennysheep_mini, uniq_prince_ribbit1
D:10:     lair_entry_dummy, okawaru_metal_pillars_1_2, uniq_erolcha
Temple:   roderic_octagonal_lattice_temple
Sewer:    sewer_minmay_treatment

Skill      XL: |  1  2  3  4  5  6  7  8  9 10 |
---------------+-------------------------------+-----
Unarmed Combat | 4 5 7 9 |  9.1
Dodging        | 3 4 5 6 7 8 |  8.3
Fighting       | 3 4 5 6 7 8 |  8.3
Invocations    | 4 |  4.1
Axes           | 2 |  2.5
Maces & Flails | 2 |  2.6
Stealth        | |  1.2

Action                   |  1- 3 |  4- 6 |  7- 9 | 10-12 || total
-------------------------+-------+-------+-------+-------++-------
Melee: Unarmed           |   117 |   128 |   441 |       ||   686
       Punch             |       |     3 |    19 |     5 ||    27
       Hand axe          |       |       |    17 |   109 ||   126
       Giant spiked club |       |       |       |    18 ||    18
Invok: Heroism           |       |       |     1 |     5 ||     6
  Use: Scroll            |     1 |       |       |       ||     1
 Stab: Sleeping          |     2 |     1 |     7 |       ||    10
  Eat: Chunk             |    16 |     7 |    52 |    17 ||    92
Armor: Robe              |    51 |    39 |   130 |    32 ||   252
Dodge: Dodged            |    60 |    81 |   367 |   144 ||   652

Table legend:
 A = Spawn XP
 B = Non-spawn XP
 C = Spawn XP percentage of total XP
 D = Spawn monster count
 E = Non-spawn monster count
 F = Spawn count percentage of total count
 G = Total turns spent on level
                    A         B        C        D         E        F      G
               +---------+---------+-------+---------+---------+-------+---------
         Total |       0 |   11401 |   0.0 |       0 |     291 |   0.0 |  8982
               +---------+---------+-------+---------+---------+-------+---------
           D:1 |       0 |      22 |   0.0 |       0 |      16 |   0.0 |   779
           D:2 |       0 |      87 |   0.0 |       0 |      29 |   0.0 |   699
           D:3 |       0 |     698 |   0.0 |       0 |      55 |   0.0 |   941
           D:4 |       0 |     322 |   0.0 |       0 |      16 |   0.0 |   851
           D:5 |       0 |    1579 |   0.0 |       0 |      27 |   0.0 |   869
           D:6 |       0 |     394 |   0.0 |       0 |      11 |   0.0 |   890
           D:7 |       0 |    1315 |   0.0 |       0 |      28 |   0.0 |   661
           D:8 |       0 |     465 |   0.0 |       0 |      15 |   0.0 |   578
           D:9 |       0 |     763 |   0.0 |       0 |      11 |   0.0 |   823
          D:10 |       0 |    5265 |   0.0 |       0 |      35 |   0.0 |  1174
         Sewer |       0 |     491 |   0.0 |       0 |      48 |   0.0 |   569
               +---------+---------+-------+---------+---------+-------+---------
